 Dungeon Crawl Stone Soup version 0.13.0-7-g3df9ff1 (webtiles) character file.

1158 MackTheKnife the Grappler (level 7, 0/66 HPs)
             Began as a Troll Monk on Oct 16, 2013.
             Was an Elder of Makhleb.
             Killed from afar by an orc wizard (9 damage)
             ... with a puff of flame
             ... on Level 5 of the Dungeon.
             The game lasted 00:10:08 (4416 turns).

MackTheKnife the Grappler (Troll Monk)              Turns: 4416, Time: 00:10:09

HP   0/66        AC  6     Str 22      XL: 7   Next: 91%
MP   2/2         EV 10     Int  9      God: Makhleb [****..]
Gold 204         SH  0     Dex 12      Spells:  0 memorised,  6 levels left

Res.Fire  : . . .   See Invis. : .     - Unarmed
Res.Cold  : . . .   Warding    : .   a - +1 robe (curse)
Life Prot.: . . .   Conserve   : .   (shield restricted)
Res.Poison: .       Res.Corr.  : .   (helmet restricted)
Res.Elec. : .       Clarity    : .   (no cloak)
Sust.Abil.: . .     Spirit.Shd : .   (gloves unavailable)
Res.Mut.  : .       Stasis     : .   (boots unavailable)
Res.Rott. : .       Flight     : .   (no amulet)
Gourmand  : +                        (no ring)
                                     s - +3 ring of intelligence

@: slightly resistant to hostile enchantments, unstealthy
A: unfitting armour, claws 3, fast metabolism 3, gourmand, regeneration 2,
saprovore 2, tough skin 2, AC +1
a: Minor Destruction, Lesser Servant of Makhleb, Major Destruction, Renounce
Religion


You were on level 5 of the Dungeon.
You worshipped Makhleb.
Makhleb was greatly pleased with you.
You were not hungry.

You visited 2 branches of the dungeon, and saw 6 of its levels.
You also visited: Sewer.

You collected 204 gold pieces.

Inventory:

Armour
 a - a cursed +1 robe (worn)
Magical devices
 r - a wand of confusion (15)
Comestibles
 b - 3 meat rations
 c - a pear
 d - an apple
 k - 2 bread rations
 u - an apricot
 A - a rotting chunk of ball python flesh
Scrolls
 e - 2 scrolls of blinking
 i - 4 scrolls of remove curse
 o - a scroll of teleportation
 q - a scroll of fear
Jewellery
 s - a +3 ring of intelligence (left claw)
Potions
 g - 4 potions of magic
 h - a potion of paralysis {unknown}
 j - a potion of invisibility {unknown}
 l - 10 potions of curing
 n - 3 potions of agility
 p - 5 potions of heal wounds
 x - 2 potions of flight {unknown}
 z - a potion of brilliance {unknown}
Books
 f - a Young Poisoner's Handbook

   Spells                             Type                      Level
   Sting                              Conjuration/Poison           1
   Cure Poison                        Poison                       2
   Mephitic Cloud                     Conjuration/Poison/Air       3
   Olgreb's Toxic Radiance            Poison                       4
   Venom Bolt                         Conjuration/Poison           5
 m - a Necronomicon {highlevel}

   This book is beyond your current level of understanding.

   Spells                             Type                      Level
   Borgnjor's Revivification          Necromancy                   7
   Haunt                              Necromancy/Summoning         7
   Death's Door                       Charms/Necromancy            8
   Necromutation                      Transmutation/Necromancy     8


   Skills:
 - Level 2.4 Fighting
 - Level 2.4 Dodging
 - Level 1.1 Stealth
 + Level 10.0 Unarmed Combat


You had 6 spell levels left.
You didn't know any spells.

Dungeon Overview and Level Annotations

Branches:
Dungeon (5/27)             Temple (1/1) D:5

Altars:
Cheibriados
Fedhas
Kikubaaqudgha
Makhleb
Nemelex Xobeh
Vehumet
Xom
Lugonu


Innate Abilities, Weirdness & Mutations

You are too large for most types of armour.
You have claws for hands.
Your metabolism is lightning-fast.
You like to eat raw meat.
You heal very quickly.
You can eat rotten meat.
You are covered in fur (AC +1).
You have very tough skin (AC +2).


Message History

You hear some strange, mumbled words.
You are confused.
You closely miss the ogre.
The ogre is severely wounded.
The ogre hits you with a giant club!
You closely miss the ogre.
The ogre is severely wounded.
The ogre is no longer bleeding.
It hits you but does no damage. The ogre barely misses you.
It hits you but does no damage.
Drink which item? (? for menu, Esc to quit)
You feel better. It hits you but does no damage.
You claw the ogre!
The ogre begins to bleed from its wounds!
The ogre is almost dead.
The ogre hits you with a giant club!
* * * LOW HITPOINT WARNING * * *
You hear some strange, mumbled words.
The puff of flame hits you!
You die...

########...# #.####.#### .
###.####.####.# . #...##....#.#
#...##....#.# ###...##....#.# # #
#...####.####.# # # #..)# #.# #.#
#
################)..####.####.####
..............)O@................
#################...###).......##
..# #.....(.......... ..#
####....##.###...).# ..#
#........#.# ##....#
##############...##...#.####.####
..............................#
####################....####..#
##### ###.....#.....###


You could see an ogre (bleeding).

Vanquished Creatures
  A centaur (D:5)
  2 ogres
  3 big kobolds (Sewer)
  A hound (D:5)
  A crimson imp (D:5)
  A big fish (D:5)
  2 orc priests (D:5)
  A scorpion (D:5)
  An orc wizard (D:5)
  An iguana (D:4)
  2 worker ants
  5 adders
  2 green rats (Sewer)
  16 grey rats (Sewer)
  A giant eyeball (D:5)
  2 oozes
  An orc (D:3)
  11 bats
  2 giant cockroaches
  5 hobgoblins
  A quokka (D:4)
  6 ball pythons
  4 giant geckos
  3 giant newts
  14 goblins
  A goblin skeleton (D:5)
  2 hobgoblin skeletons (D:5)
  2 jackals (D:2)
  19 kobolds
  A kobold skeleton (D:5)
  An orc skeleton (D:4)
  19 rats
134 creatures vanquished.

Notes
Turn   | Place    | Note
--------------------------------------------------------------
     0 | D:1      | MackTheKnife, the Troll Monk, began the quest for the Orb.
     0 | D:1      | Reached XP level 1. HP: 20/20 MP: 0/0
   182 | D:1      | Reached XP level 2. HP: 28/28 MP: 0/0
   652 | D:2      | Reached skill level 5 in Unarmed Combat
   664 | D:2      | Reached XP level 3. HP: 35/35 MP: 1/1
  1845 | D:3      | Reached XP level 4. HP: 44/44 MP: 1/1
  2094 | D:3      | Found a radiant altar of Vehumet.
  2248 | D:4      | Got a pair of pitted gloves
  2249 | D:4      | Identified the cursed +0 pair of gloves "Trai" {rElec Int+3} (You found it on level 4 of the Dungeon)
  2292 | D:4      | Reached skill level 6 in Unarmed Combat
  2715 | D:4      | Noticed an ogre
  2721 | D:4      | Killed an ogre
  2721 | D:4      | Reached XP level 5. HP: 50/50 MP: 1/1
  3070 | D:5      | Entered Level 5 of the Dungeon
  3072 | D:5      | Noticed a centaur
  3187 | D:5      | Reached skill level 7 in Unarmed Combat
  3275 | D:5      | Reached XP level 6. HP: 38/58 MP: 2/2
  3297 | D:5      | Killed a centaur
  3344 | D:5      | Found a staircase to the Ecumenical Temple.
  3347 | D:5      | Noticed an ogre
  3356 | D:5      | Killed an ogre
  3356 | D:5      | Reached skill level 8 in Unarmed Combat
  3373 | Temple   | Entered the Ecumenical Temple
  3399 | Temple   | Became a worshipper of Makhleb the Destroyer
  3399 | Temple   | Acquired Makhleb's first power
  3399 | Temple   | Acquired Makhleb's second power
  3603 | D:5      | Reached XP level 7. HP: 61/66 MP: 2/2
  3768 | D:5      | Found a glowing drain.
  3784 | Sewer    | Entered a sewer
  3914 | Sewer    | Reached skill level 9 in Unarmed Combat
  3981 | Sewer    | Acquired Makhleb's third power
  4083 | Sewer    | Acquired Makhleb's fourth power
  4394 | D:5      | Noticed an ogre
  4406 | D:5      | Reached skill level 10 in Unarmed Combat
  4416 | D:5      | Killed from afar by an orc wizard

Action                   |  1- 3 |  4- 6 |  7- 9 || total
-------------------------+-------+-------+-------++-------
Melee: Unarmed           |   142 |   104 |   135 ||   381
Evoke: Wand              |       |     2 |       ||     2
  Use: Scroll            |     8 |     3 |     3 ||    14
       Potion            |       |       |     4 ||     4
 Stab: Sleeping          |       |     1 |     1 ||     2
